Map: Prion Terraces

Players

LilDicky

  • Race: Terran Terran
  • League: Diamond

SeanSCII - Winner!

  • Race: Zerg Zerg
  • League: Diamond

VOD

http://www.twitch.tv/tumescentpie

Description

Time

  • Played on: Nov. 22, 2015, 7:06 p.m.
  • Length: 10:19
Show
View Real Time Build Order
Export as new Build Order

LilDicky Terran 

Build Orders: Command Center First (CC), MMM Bio 

Get SALT Encoding   

  12  0:02  SCV  
  13  0:14  SCV  
  13  0:20  Supply Depot  
  14  0:29  SCV  
  15  0:42  SCV  
  16  0:54  SCV  
  17  1:06  SCV  
  17  1:07  Command Center  
  18  1:18  SCV  
  18  1:20  Barracks  
  19  1:30  SCV  
  20  1:46  SCV  
  21  1:58  SCV  
  22  2:07  Marine  
  23  2:08  Supply Depot  
  23  2:12  Orbital Command  
  23  2:21  Orbital Command  
  23  2:25  Bunker  
  23  2:26  Marine  
  24  2:31  Command Center  
  24  2:40  SCV  
  24  2:44  Marine  
  25  2:48  SCV  
  27  2:59  SCV  
  27  3:01  Marine  
  27  3:04  Supply Depot  
  27  3:05  SCV  
  30  3:12  Command Center  
  30  3:14  SCV  
  30  3:17  SCV  
  32  3:26  SCV, Barracks  
  33  3:27  Barracks  
  33  3:35  SCV, Marine  
  35  3:43  Bunker  
  35  3:47  SCV  
  35  3:48  SCV, Orbital Command  
  36  3:52  Refinery  
  36  3:53  Refinery  
  37  3:56  Barracks, Marine  
  37  3:59  SCV  
  39  4:06  Supply Depot  
  39  4:07  SCV  
  40  4:11  Refinery  
  40  4:12  Refinery  
  40  4:14  Marine  
  41  4:20  Supply Depot, Marine x2  
  43  4:27  Orbital Command  
  43  4:28  SCV x3  
  46  4:31  Orbital Command  
  46  4:32  Marine  
  47  4:38  Marine  
  48  4:49  SCV x2  
  50  4:55  Engineering Bay  
  50  4:56  Barracks Tech Lab, Engineering Bay, Bunker  
  50  4:57  Barracks Reactor, Barracks Tech Lab  
  50  4:58  Barracks Reactor  
  50  5:06  SCV x2  
  52  5:08  SCV x2, Barracks  
  52  5:09  Barracks  
  54  5:16  Stimpack  
  54  5:18  Marine  
  55  5:29  Bunker, Marine  
  55  5:34  Marine  
  57  5:36  Marine  
  57  5:37  SCV  
  57  5:39  Supply Depot  
  57  5:41  SCV  
  60  5:46  SCV x2  
  60  5:47  Marine  
  60  5:49  Marine x2  
  65  6:16  Marine x2  
  65  6:17  Marauder, Marine x2  
  65  6:18  Marauder  
  72  6:26  Barracks Tech Lab  
  72  6:27  Barracks Tech Lab  
  72  6:28  Combat Shields  
  72  6:31  SCV  
  72  6:34  Barracks, Marine  
  72  6:36  Barracks  
  72  6:37  Terran Infantry Weapons Level 1, Terran Infantry Armor Level 1, Barracks  
  72  6:38  SCV x2  
  72  6:39  Factory, Marauder x2  
  79  6:43  SCV x2, Supply Depot  
  79  6:45  Refinery  
  79  6:46  Refinery  
  81  6:50  Marine x2  
  81  6:51  Marauder  
  85  6:57  SCV x2  
  85  7:00  Marauder  
  89  7:01  Orbital Command  
  89  7:03  SCV  
  89  7:06  Supply Depot  
  89  7:09  SCV  
  89  7:12  Marine x3  
  89  7:13  Marine  
  66  7:28  Marine x3  
  66  7:29  Marauder  
  58  7:30  Marine x2  
  58  7:32  Barracks Tech Lab  
  58  7:33  Barracks Tech Lab x2  
  47  7:46  Marauder x2, Marine x2  
  47  7:47  Marauder  
  47  7:50  Marauder, Concussive Shells, Marine  
  58  7:51  Marauder x2  
  58  7:57  Factory Reactor  
  53  7:59  Starport  
  53  8:01  Marine  
  53  8:02  Marine  
  52  8:08  Marauder x3  
  52  8:11  Marine x3  
  59  8:14  Marine  
  59  8:16  Marine  
  60  8:21  Marine x2  
  58  8:39  Marine x2  
  31  8:42  Marine  
  31  8:43  Marauder, Orbital Command, Marine  
  31  8:44  Marine x2  
  31  8:45  Marauder  
  29  8:50  SCV  
  29  8:54  Marine x2  
  26  8:57  Marine x2  
  26  9:04  Marine  
  26  9:05  Marine  
  28  9:10  Marine  
  28  9:22  Marine x2  
  28  9:23  Marauder  
  25  9:27  Marine x2  
  25  9:28  SCV  
  25  9:31  Medivac  
  25  9:36  Marine  
  16  10:05  SCV  
  16  10:06  SCV  
Show
View Real Time Build Order
Export as new Build Order

SeanSCII Zerg - Winner!

Build Orders: Hatch First 

Get SALT Encoding   

  12  0:01  Drone  
  13  0:12  Overlord  
  13  0:18  Drone  
  14  0:30  Drone x2  
  16  0:36  Drone  
  17  0:52  Hatchery  
  16  1:00  Drone x2  
  18  1:08  Drone  
  19  1:15  Spawning Pool  
  19  1:18  Drone  
  19  1:31  Overlord  
  19  1:40  Drone  
  20  1:50  Drone  
  21  2:01  Drone  
  22  2:04  Queen  
  22  2:05  Queen  
  22  2:06  Zergling x2  
  27  2:11  Zergling x2  
  28  2:18  Drone  
  28  2:22  Overlord  
  29  2:28  Drone  
  30  2:35  Drone  
  31  2:40  Queen  
  31  2:41  Drone, Queen  
  36  2:46  Drone  
  36  2:47  Overlord  
  37  2:57  Drone  
  37  2:58  Drone  
  39  3:05  Drone  
  40  3:09  Drone  
  41  3:14  Extractor  
  41  3:15  Extractor  
  41  3:16  Queen  
  41  3:22  Overlord  
  41  3:23  Drone x5  
  46  3:45  Roach Warren  
  46  3:46  Drone x3  
  46  3:47  Overlord  
  46  3:48  Drone x6  
  54  4:03  Evolution Chamber  
  54  4:04  Evolution Chamber  
  54  4:05  Lair  
  52  4:13  Drone x4  
  52  4:15  Extractor  
  55  4:17  Extractor  
  55  4:23  Drone x7  
  61  4:26  Roach  
  63  4:34  Roach  
  65  4:39  Roach  
  67  4:53  Zerg Missile Weapons Level 1, Zerg Ground Armor Level 1  
  67  5:08  Hatchery, Glial Reconstitution  
  66  5:16  Overseer  
  66  5:17  Overseer  
  66  5:22  Overlord x2  
  66  5:23  Overlord x3  
  66  5:39  Roach  
  69  5:44  Roach x7  
  82  6:00  Roach x3  
  82  6:01  Roach x3  
  94  6:07  Roach x2  
  97  6:19  Roach  
  97  6:20  Roach  
  103  6:25  Roach  
  103  6:26  Roach x2  
  103  6:28  Overlord x3  
  107  6:39  Hatchery  
  106  6:44  Ravager  
  107  6:49  Ravager x6  
  104  7:29  Drone x16  
  118  7:30  Drone  
  118  7:33  Hydralisk Den  
  117  7:50  Drone x3  
  120  7:52  Queen  
  120  7:54  Overlord  
  120  7:55  Overlord x2, Extractor  
  120  7:57  Extractor  
  118  8:00  Hatchery  
  117  8:38  Hatchery  
  104  8:43  Hydralisk x9, Muscular Augments  
  110  9:08  Hydralisk x10  
  119  9:24  Hydralisk  
  119  9:25  Hydralisk x2  
  118  9:38  Roach  
  118  9:39  Roach x9  
  136  9:55  Roach x3  
Tags
 
Add a new tag
Caveats
  • Supply blocks, unpowered buildings, or Contaminate may cause inaccurate times.
  • Supply counts are checked every 10 seconds.